IL
OMAHA STORM CHASERS @ NASHVILLE SOUNDS
08/17/2048
 
TOP OF THE 1ST
Omaha Storm Chasers batting - Pitching for Nashville Sounds : RHP Carlos Alaniz
Pitching: RHP Carlos Alaniz
Batting: LHB Willie Gutierrez 0-0: Ball
1-0: Called Strike
1-1: Swinging Strike
1-2: Ground out 3-1 (Groundball, 34, EV 110.0 MPH)
Batting: RHB Walt Cogswell 0-0: Called Strike
0-1: TRIPLE (Flyball, 89XD, EV 93.8 MPH)
Batting: RHB Taisei Fujii 0-0: Ball
1-0: DOUBLE (Line Drive, 89D, EV 108.1 MPH)
Walt Cogswell scores
Batting: LHB Shigeru Ono 0-0: Swinging Strike
0-1: Foul Ball, location: 2F
0-2: Strikes out swinging
Batting: LHB Jim Pankratz 0-0: Ball
1-0: Ball
Wild Pitch!
Taisei Fujii to third
2-0: Ground out 6-3 (Groundball, 6, EV 83.8 MPH)
Top of the 1st over - 1 run, 2 hits, 0 errors, 1 left on base; Omaha 1 - Nashville 0
BOTTOM OF THE 1ST
Nashville Sounds batting - Pitching for Omaha Storm Chasers : RHP Joe Noonan
Pitching: RHP Joe Noonan
Batting: RHB Jeff Garofalo 0-0: Ball
1-0: Ball
2-0: Swinging Strike
2-1: Ball
3-1: Called Strike
3-2: Ground out 5-3 (Groundball, 56, EV 100.6 MPH)
Batting: SHB Robert Santiago 0-0: Called Strike
0-1: Foul Ball, location: 2F
0-2: Ball
1-2: Ball
2-2: Fly out, F9 (Line Drive, 9S, EV 99.4 MPH)
Batting: RHB Tim Cordle 0-0: Swinging Strike
0-1: Swinging Strike
0-2: Strikes out swinging
Bottom of the 1st over - 0 runs, 0 hits, 0 errors, 0 left on base; Omaha 1 - Nashville 0
TOP OF THE 2ND
Omaha Storm Chasers batting - Pitching for Nashville Sounds : RHP Carlos Alaniz
Batting: RHB Ken Postlethwaite 0-0: Ball
1-0: Ball
2-0: Fly out, F8 (Flyball, 8LS, EV 94.4 MPH)
Batting: RHB Yuichi Takata 0-0: Called Strike
0-1: Ball
1-1: Ball
2-1: Ball
3-1: Base on Balls
Batting: SHB Arturo Baez 0-0: Called Strike
0-1: Called Strike
Yuichi Takata steals 2nd base
0-2: Foul Ball, location: 2F
0-2: Ball
1-2: Foul Ball, location: 2F
1-2: Ball
2-2: Fly out, F6 (Flyball, 56D, EV 85.6 MPH)
Batting: RHB Jason Birge 0-0: Ball
1-0: Ball
2-0: Foul Ball, location: 2F
2-1: Foul Ball, location: 2F
2-2: Strikes out swinging
Top of the 2nd over - 0 runs, 0 hits, 0 errors, 1 left on base; Omaha 1 - Nashville 0
BOTTOM OF THE 2ND
Nashville Sounds batting - Pitching for Omaha Storm Chasers : RHP Joe Noonan
Batting: RHB David Herrera 0-0: Called Strike
0-1: Ground out 3-1 (Groundball, 13, EV 89.4 MPH)
Batting: LHB Tomas Segarra 0-0: Ball
1-0: Ball
2-0: Called Strike
2-1: Ball
3-1: Foul Ball, location: 2F
3-2: Foul Ball, location: 2F
3-2: Base on Balls
Batting: RHB Wade Diamond 0-0: Ball
1-0: Called Strike
1-1: Ball
2-1: Ball
3-1: SINGLE (Groundball, 25, EV 64.4 MPH) (infield hit)
Tomas Segarra to second
Batting: LHB Zachary DeLuca 0-0: Ball
1-0: Called Strike
1-1: Foul Ball, location: 2F
1-2: Ball
2-2: Ball
3-2: Foul Ball, location: 2F
3-2: Grounds into double play, 4-6-3 (Groundball, 4, EV 87.5 MPH)
Bottom of the 2nd over - 0 runs, 1 hit, 0 errors, 1 left on base; Omaha 1 - Nashville 0
TOP OF THE 3RD
Omaha Storm Chasers batting - Pitching for Nashville Sounds : RHP Carlos Alaniz
Batting: LHB Willie Gutierrez 0-0: Ball
1-0: Ground out 6-3 (Groundball, 6, EV 106.9 MPH)
Batting: RHB Walt Cogswell 0-0: Foul Ball, location: 2F
0-1: Ball
1-1: Fly out, F9 (Flyball, 9S, EV 87.5 MPH)
Batting: RHB Taisei Fujii 0-0: Ball
1-0: Ball
2-0: Foul Ball, location: 2F
2-1: SINGLE (Groundball, 6MD, EV 95.0 MPH)
Batting: LHB Shigeru Ono 0-0: Ground out 4-3 (Groundball, 34, EV 90.0 MPH)
Top of the 3rd over - 0 runs, 1 hit, 0 errors, 1 left on base; Omaha 1 - Nashville 0
BOTTOM OF THE 3RD
Nashville Sounds batting - Pitching for Omaha Storm Chasers : RHP Joe Noonan
Batting: LHB Gregg Power 0-0: Called Strike
0-1: Ground out 6-3 (Groundball, 4M, EV 81.2 MPH)
Batting: RHB Yonetoshi Muranaka 0-0: Ball
1-0: Ball
2-0: Called Strike
2-1: DOUBLE (Line Drive, 9LM, EV 103.8 MPH)
Batting: RHB Jeff Garofalo 0-0: Ball
1-0: Called Strike
1-1: Ball
2-1: Foul Ball, location: 2F
2-2: Foul Ball, location: 2F
2-2: Fly out, F4 (Popup, 4M, EV 58.1 MPH)
Batting: SHB Robert Santiago 0-0: Foul Ball, location: 2F
0-1: Ball
1-1: Ground out U3 (Groundball, 3, EV 103.1 MPH)
Bottom of the 3rd over - 0 runs, 1 hit, 0 errors, 1 left on base; Omaha 1 - Nashville 0
TOP OF THE 4TH
Omaha Storm Chasers batting - Pitching for Nashville Sounds : RHP Carlos Alaniz
Batting: LHB Jim Pankratz 0-0: Ball
1-0: Called Strike
1-1: Ball
2-1: Swinging Strike
2-2: Ball
3-2: Base on Balls
Batting: RHB Ken Postlethwaite 0-0: Grounds into double play, 6-4-3 (Groundball, 6, EV 78.1 MPH)
Batting: RHB Yuichi Takata 0-0: Ball
1-0: Called Strike
1-1: SINGLE (Groundball, 4MD, EV 106.9 MPH)
Batting: SHB Arturo Baez 0-0: Ball
1-0: Called Strike
Yuichi Takata steals 2nd base (no throw)
1-1: Foul Ball, location: 2F
1-2: Ball
2-2: Strikes out looking
Top of the 4th over - 0 runs, 1 hit, 0 errors, 1 left on base; Omaha 1 - Nashville 0
BOTTOM OF THE 4TH
Nashville Sounds batting - Pitching for Omaha Storm Chasers : RHP Joe Noonan
Batting: RHB Tim Cordle 0-0: Called Strike
0-1: Called Strike
0-2: Ball
1-2: Ball
2-2: Ball
3-2: Foul Ball, location: 2F
3-2: Base on Balls
Batting: RHB David Herrera 0-0: Called Strike
0-1: Ball
1-1: Swinging Strike
1-2: Foul Ball, location: 2F
1-2: Foul Ball, location: 2F
1-2: Strikes out swinging
Batting: LHB Tomas Segarra 0-0: Ball
1-0: Ball
2-0: Called Strike
2-1: Foul Ball, location: 2F
2-2: Foul Ball, location: 2F
2-2: Fielders Choice at 2nd, 4-6 (Groundball, 3, EV 86.2 MPH)
Batting: RHB Wade Diamond 0-0: Called Strike
0-1: Ball
1-1: Foul Ball, location: 2F
1-2: Ball
2-2: Strikes out swinging
Bottom of the 4th over - 0 runs, 0 hits, 0 errors, 1 left on base; Omaha 1 - Nashville 0
TOP OF THE 5TH
Omaha Storm Chasers batting - Pitching for Nashville Sounds : RHP Carlos Alaniz
Batting: RHB Jason Birge 0-0: Called Strike
0-1: Fly out, F9 (Flyball, 9LMF, EV 90.0 MPH)
Batting: LHB Willie Gutierrez 0-0: Called Strike
0-1: Swinging Strike
0-2: Ball
1-2: Ground out 4-3 (Groundball, 4, EV 105.0 MPH)
Batting: RHB Walt Cogswell 0-0: SINGLE (Groundball, 34D, EV 96.2 MPH)
Batting: RHB Taisei Fujii 0-0: Ball
1-0: Foul Ball, location: 2F
1-1: Ball
2-1: Ball
3-1: Foul Ball, location: 2F
3-2: Foul Ball, location: 2F
3-2: Foul Ball, location: 2F
3-2: Base on Balls
Walt Cogswell to second
Batting: LHB Shigeru Ono 0-0: Ball
1-0: Called Strike
1-1: Ball
2-1: Foul Ball, location: 2F
2-2: Ball
3-2: Ground out U3 (Groundball, 3, EV 86.9 MPH)
Top of the 5th over - 0 runs, 1 hit, 0 errors, 2 left on base; Omaha 1 - Nashville 0
BOTTOM OF THE 5TH
Nashville Sounds batting - Pitching for Omaha Storm Chasers : RHP Joe Noonan
Batting: LHB Zachary DeLuca 0-0: Ball
1-0: Called Strike
1-1: Fly out, F9 (Flyball, 9, EV 91.2 MPH)
Batting: LHB Gregg Power 0-0: Ball
1-0: SINGLE (Flyball, 7LM, EV 86.9 MPH)
Batting: RHB Yonetoshi Muranaka 0-0: 2-RUN HOME RUN (Flyball, 78XD, EV 106.9 MPH), Distance : 400 ft
Batting: RHB Jeff Garofalo 0-0: Called Strike
0-1: Foul Ball, location: 2F
0-2: Ball
1-2: Ball
2-2: Foul Ball, location: 2F
2-2: Foul Ball, location: 2F
2-2: Ball
3-2: Base on Balls
Batting: SHB Robert Santiago 0-0: Foul Ball, location: 2F
0-1: Ball
Jeff Garofalo steals 2nd, throwing error, E2
Jeff Garofalo to third
1-1: Foul Ball, location: 2F
1-2: Ball
2-2: 2-RUN HOME RUN (Flyball, 89XD, EV 106.9 MPH), Distance : 418 ft
Batting: RHB Tim Cordle 0-0: Fly out, F9 (Flyball, 9D, EV 98.8 MPH)
Pitching: RHP Terry Romaine
Batting: RHB David Herrera 0-0: Ground out 6-3 (Groundball, 6, EV 86.9 MPH)
Bottom of the 5th over - 4 runs, 3 hits, 1 error, 0 left on base; Omaha 1 - Nashville 4
TOP OF THE 6TH
Omaha Storm Chasers batting - Pitching for Nashville Sounds : RHP Carlos Alaniz
Batting: LHB Jim Pankratz 0-0: Ball
1-0: Fly out, F8 (Flyball, 78M, EV 89.4 MPH)
Batting: RHB Ken Postlethwaite 0-0: Swinging Strike
0-1: Ball
1-1: Ball
2-1: Ground out 6-3 (Groundball, 6, EV 101.2 MPH)
Batting: RHB Yuichi Takata 0-0: Called Strike
0-1: Ball
1-1: Swinging Strike
1-2: Foul Ball, location: 2F
1-2: Foul Ball, location: 2F
1-2: Foul Ball, location: 2F
1-2: Foul Ball, location: 2F
1-2: Ball
2-2: Ground out 5-3 (Groundball, 56, EV 108.1 MPH)
Top of the 6th over - 0 runs, 0 hits, 0 errors, 0 left on base; Omaha 1 - Nashville 4
BOTTOM OF THE 6TH
Nashville Sounds batting - Pitching for Omaha Storm Chasers : RHP Terry Romaine
Batting: LHB Tomas Segarra 0-0: Swinging Strike
0-1: Ball
1-1: Called Strike
1-2: Ball
2-2: Strikes out swinging
Batting: RHB Wade Diamond 0-0: Ball
1-0: Ball
2-0: Ball
3-0: Base on Balls
Batting: LHB Zachary DeLuca 0-0: Ball
1-0: Fly out, F7 (Flyball, 7D, EV 96.2 MPH)
Batting: LHB Gregg Power 0-0: Ball
1-0: Called Strike
1-1: Ball
Wade Diamond is caught stealing 2nd base 2-6
Bottom of the 6th over - 0 runs, 0 hits, 0 errors, 0 left on base; Omaha 1 - Nashville 4
TOP OF THE 7TH
Omaha Storm Chasers batting - Pitching for Nashville Sounds : RHP Carlos Alaniz
Batting: SHB Arturo Baez 0-0: Ball
1-0: DOUBLE (Line Drive, 78D, EV 101.9 MPH)
Batting: RHB Jason Birge 0-0: Ball
1-0: Called Strike
1-1: Ground out U3 (Groundball, 3L, EV 100.0 MPH)
Arturo Baez to third
Batting: LHB Willie Gutierrez 0-0: Called Strike
0-1: Ball
1-1: Ball
2-1: Ball
3-1: Base on Balls
Pitching: RHP Jesus Gonzales
Batting: RHB Walt Cogswell 0-0: Called Strike
Willie Gutierrez steals 2nd base
0-1: Foul Ball, location: 2F
0-2: Ball
1-2: Foul Ball, location: 2F
1-2: Ball
2-2: Foul Ball, location: 2F
2-2: Strikes out swinging
Batting: RHB Taisei Fujii 0-0: Ball
1-0: Called Strike
1-1: Ball
2-1: Called Strike
2-2: Foul Ball, location: 2F
2-2: Ground out 6-3 (Groundball, 56D, EV 81.2 MPH)
Top of the 7th over - 0 runs, 1 hit, 0 errors, 2 left on base; Omaha 1 - Nashville 4
BOTTOM OF THE 7TH
Nashville Sounds batting - Pitching for Omaha Storm Chasers : RHP Terry Romaine
Batting: LHB Gregg Power 0-0: Ball
1-0: Ball
2-0: Foul Ball, location: 2F
2-1: Fly out, F7 (Flyball, 7S, EV 85.6 MPH)
Batting: RHB Yonetoshi Muranaka 0-0: Called Strike
0-1: Fly out, F8 (Flyball, 78D, EV 96.2 MPH)
Batting: RHB Jeff Garofalo 0-0: Ground out 6-3 (Groundball, 6, EV 102.5 MPH)
Bottom of the 7th over - 0 runs, 0 hits, 0 errors, 0 left on base; Omaha 1 - Nashville 4
TOP OF THE 8TH
Omaha Storm Chasers batting - Pitching for Nashville Sounds : RHP Jesus Gonzales
Now at 1B: Zachary DeLuca
Now in RF: Bill Cabrera
Batting: LHB Shigeru Ono 0-0: Called Strike
0-1: Ball
1-1: Called Strike
1-2: Ball
2-2: Ground out 6-3 (Groundball, 56, EV 86.9 MPH)
Batting: LHB Jim Pankratz 0-0: Called Strike
0-1: Ball
1-1: Ball
2-1: Foul Ball, location: 2F
2-2: Ball
3-2: Ground out U3 (Groundball, 3, EV 98.1 MPH)
Batting: RHB Ken Postlethwaite 0-0: Ball
1-0: Ball
2-0: Foul Ball, location: 2F
2-1: Called Strike
2-2: Ground out 4-3 (Groundball, 4MD, EV 106.2 MPH)
Top of the 8th over - 0 runs, 0 hits, 0 errors, 0 left on base; Omaha 1 - Nashville 4
BOTTOM OF THE 8TH
Nashville Sounds batting - Pitching for Omaha Storm Chasers : RHP Terry Romaine
Batting: SHB Robert Santiago 0-0: Called Strike
0-1: Ball
1-1: Foul Ball, location: 2F
1-2: Ball
2-2: Foul Ball, location: 2F
2-2: Foul Ball, location: 2F
2-2: Ball
3-2: Base on Balls
Batting: RHB Tim Cordle 0-0: Called Strike
Robert Santiago steals 2nd base
0-1: Called Strike
0-2: Foul Ball, location: 2F
0-2: DOUBLE (Line Drive, 7LM, EV 90.0 MPH)
Robert Santiago scores
Batting: RHB Bill Cabrera 0-0: Called Strike
0-1: Ball
1-1: Ball
2-1: Fly out, F7 (Line Drive, 7, EV 87.5 MPH)
Batting: LHB Tomas Segarra 0-0: Ball
1-0: Ball
2-0: Ball
3-0: Called Strike
3-1: Swinging Strike
3-2: Strikes out swinging
Batting: RHB Wade Diamond 0-0: Called Strike
0-1: Foul Ball, location: 2F
0-2: Ball
1-2: Foul Ball, location: 2F
1-2: Foul Ball, location: 2F
1-2: Ball
2-2: Reached on error, E7 (Flyball, 78D, EV 97.5 MPH)
Tim Cordle scores
Pitching: RHP Joe Jordahl
Batting: LHB Zachary DeLuca 0-0: Ground out U3 (Groundball, 3, EV 92.5 MPH)
Bottom of the 8th over - 2 runs, 1 hit, 1 error, 1 left on base; Omaha 1 - Nashville 6
TOP OF THE 9TH
Omaha Storm Chasers batting - Pitching for Nashville Sounds : RHP Jesus Gonzales
Batting: RHB Yuichi Takata 0-0: Swinging Strike
0-1: Ball
1-1: Called Strike
1-2: Strikes out swinging
Batting: SHB Arturo Baez 0-0: Called Strike
0-1: SINGLE (Flyball, 6D, EV 91.2 MPH)
Batting: RHB Jason Birge 0-0: Called Strike
0-1: Ball
1-1: Ball
2-1: Swinging Strike
2-2: Strikes out swinging
Batting: LHB Willie Gutierrez 0-0: Swinging Strike
0-1: Swinging Strike
0-2: Strikes out looking
Top of the 9th over - 0 runs, 1 hit, 0 errors, 1 left on base; Omaha 1 - Nashville 6
Tuesday, March 28th , 2023 - OOTP Baseball 23.10 Build 110